 Dungeon Crawl Stone Soup version 0.24.0-41-g2ae2f7f1be (webtiles) character file.

Game seed: 18254692350294270447, levelgen mode: deterministic

2285 Goreval the Conjurer (level 9, -1/68 HPs)
             Began as a White Draconian Fire Elementalist on Dec 10, 2019.
             Was an Initiate of Vehumet.
             Slain by a death yak (5 damage)
             ... on level 7 of the Dungeon.
             The game lasted 00:20:26 (10963 turns).

Goreval the Conjurer (DrFE)                        Turns: 10963, Time: 00:20:27

Health: -1/68      AC:  9    Str: 11    XL:     9   Next: 17%
Magic:  8/16       EV: 12    Int: 22    God:    Vehumet [......]
Gold:   125        SH:  6    Dex: 11    Spells: 12/18 levels left

rFire    . . .     SeeInvis .   z - +0 falchion
rCold    + + .     Gourm    .   y - +2 buckler
rNeg     . . .     Faith    .   (armour unavailable)
rPois    .         Spirit   .   p - +1 hat
rElec    +         Reflect  .   q - +0 cloak
rCorr    .         Harm     .   (no gloves)
MR       ++...                  (no boots)
Stlth    ++........             (no amulet)
HPRegen  0.21/turn              G - ring of Ixoymopt {MR+ Int+3}
MPRegen  0.15/turn              h - ring of protection from magic

@: no status effects
A: breathe frost, unfitting armour, cold resistance 2, robust 1, electricity
resistance, cold-blooded, AC +7
a: Breathe Frost, Renounce Religion


You were on level 7 of the Dungeon.
You worshipped Vehumet.
Vehumet was noncommittal.
You were very hungry.

You visited 1 branch of the dungeon, and saw 8 of its levels.
You also visited: Sewer and Ossuary.

You collected 359 gold pieces.
You spent 234 gold pieces at shops.

Inventory:

Hand Weapons
 z - a +0 falchion (weapon)
Missiles
 c - a throwing net (quivered)
Armour
 p - a +1 hat (worn)
 q - a +0 cloak (worn)
 y - a +2 buckler (worn)
Jewellery
 h - a ring of protection from magic (right hand)
 F - an uncursed ring of positive energy
 G - the ring of Ixoymopt (left hand) {MR+ Int+3}
   (You found it on level 7 of the Dungeon)

   [ring of protection from magic]

   It affects your intelligence (+3).
   It affects your resistance to hostile enchantments.
Wands
 e - a wand of paralysis (5)
 g - a wand of scattershot (5)
Scrolls
 a - a scroll of magic mapping {unknown}
 d - 6 scrolls of teleportation
 f - 3 scrolls of remove curse
 j - a scroll of noise {unknown}
 k - 4 scrolls of amnesia {unknown}
 l - 2 scrolls of fog {unknown}
 r - 3 scrolls of enchant weapon {unknown}
 s - 3 scrolls of fear {unknown}
 u - a scroll of brand weapon {unknown}
 v - 2 scrolls of immolation {unknown}
 w - 2 scrolls of enchant armour {unknown}
 x - a scroll of vulnerability {unknown}
 C - a scroll of identify
Potions
 i - 4 potions of curing
 m - 4 potions of flight
 n - a potion of invisibility {unknown}
 o - 4 potions of agility
 t - 3 potions of heal wounds
 A - 3 potions of mutation
 B - 2 potions of brilliance
 D - a potion of degeneration {unknown}
 E - 2 potions of lignification {unknown}
 H - a potion of resistance {unknown}
 J - a potion of haste
Comestibles
 b - 9 rations


   Skills:
 + Level 2.4 Dodging
 - Level 1.7 Stealth
 - Level 4.1 Shields
 + Level 5.1 Spellcasting
 * Level 7.7 Conjurations
 + Level 5.8 Fire Magic


You had 12 spell levels left.
You knew the following spells:

 Your Spells              Type           Power        Failure   Level  Hunger
a - Flame Tongue          Conj/Fire      #####        1%          1    None
b - Throw Flame           Conj/Fire      #####.       1%          2    None
c - Conjure Flame         Conj/Fire      #####...     1%          3    ##.....

Your spell library contained the following spells:

 Spells                   Type           Power        Failure   Level  Hunger
 Sticky Flame             Conj/Fire      #####...     6%          4    ####...
 Inner Flame              Hex/Fire       ###.....     9%          3    ##.....
 Fireball                 Conj/Fire      #####.....   17%         5    #####..


Dungeon Overview and Level Annotations

Branches:
Dungeon (8/15)             Temple (0/1) D:6            Lair (0/6) D:8
  Sewer (visited)         Ossuary (visited)

Altars:
Ashenzari
Dithmenos
Gozag
Trog
Vehumet
The Shining One

Shops:
D:8 !


Innate Abilities, Weirdness & Mutations

You can breathe waves of freezing cold.
You can buffet flying creatures when you breathe cold.
Your icy white scales are hard. (AC +7)
You cannot fit into any form of body armour.
Your flesh is very cold resistant. (rC++)
You are cold-blooded and may be slowed by cold attacks.
You are robust. (+10% HP)
You are resistant to electric shocks. (rElec)


Message History

* * * LOW HITPOINT WARNING * * *
Aim: a death yak (lightly wounded)
Okay, then.
The fire ignites!
You are feeling very hungry.
The death yak is engulfed in blazing flames.
The death yak misses you.
You riposte.
You hit the death yak.
There is an open door here.
There is an open door here.
The fire ignites!
Aim: a death yak (flame, lightly wounded)
The flame tongue hits the death yak but does no damage.
The death yak is engulfed in blazing flames.
The death yak gores you!
* * * LOW HITPOINT WARNING * * *
Aim: a death yak (flame, moderately wounded)
The flame tongue hits the death yak!
The death yak is engulfed in blazing flames.
The death yak gores you.
You die...

#.# #.# #....<.).# #.#
#####.#######.######.# #.#
#................# #.# #.#
#.###.#####.#.##.# #รท#
##.###.###.# ##....##.###.#
.#.........# #............##
.#.###.##.## ##...###......# .#.#
#.##.# ##.## ######.#####
.#.###.##.# #@# #.....#
.#........# #Y# #..##.#
.#####.#### ##'## #..##.# ## #.#
##...## #...#.# # #.# ##.....##
##[.#.# # ##.## ##.......##
##...#.#
#####...####.........####....#.#
...........'.........).........##
#####...####.........###........#


You could see a death yak.

Vanquished Creatures
  2 hippogriffs
  Sigmund (D:5)
  Eustachio (D:5)
  2 ice beasts
  An orc warrior (D:7)
  3 ogres
  2 phantoms
  A centaur (D:5)
  2 water moccasin zombies (Ossuary)
  A scorpion (D:7)
  A centaur zombie (D:8)
  A howler monkey (D:6)
  A bullfrog zombie (D:7)
  A quasit (D:5)
  A bullfrog skeleton (D:6)
  An iron imp (D:5)
  2 orc wizards
  An iguana (D:8)
  3 worker ants
  A big kobold zombie (Ossuary)
  2 mummies (Ossuary)
  3 gnolls (D:7)
  6 adders
  An ooze (Sewer)
  5 adder zombies
  2 adder skeletons
  2 worms
  2 dart slugs
  11 leopard geckos
  15 orcs
  6 ball pythons
  23 bats
  10 giant cockroaches
  4 goblins
  10 hobgoblins
  13 jackals
  4 quokkas
  5 frilled lizards
  3 gnoll zombies (Ossuary)
  2 goblin zombies (D:6)
  6 hobgoblin zombies
  A jackal skeleton (D:5)
  8 kobolds
  A kobold skeleton (D:6)
  6 kobold zombies
  2 leopard gecko zombies
  An orc skeleton (D:6)
  3 orc zombies (Ossuary)
  2 quokka skeletons
  A quokka zombie (D:7)
  7 rats
196 creatures vanquished.

Vanquished Creatures (others)
  An orc zombie (Ossuary)
1 creature vanquished.

Grand Total: 197 creatures vanquished

Notes
Turn   | Place    | Note
-------+----------+-------------------------------------------
     0 | D:1      | Goreval the Draconian Fire Elementalist began the quest for
                  | the Orb.
     0 | D:1      | Reached XP level 1. HP: 14/14 MP: 3/3
   164 | D:1      | Reached XP level 2. HP: 16/20 MP: 0/5
  1141 | D:1      | Reached XP level 3. HP: 26/26 MP: 3/6
  1229 | D:1      | Learned a level 2 spell: Throw Flame
  1233 | D:1      | Learned a level 3 spell: Conjure Flame
  1238 | D:2      | Reached skill level 2 in Conjurations
  2368 | D:2      | Reached XP level 4. HP: 33/33 MP: 3/7
  2444 | D:2      | Found an opulent altar of Gozag.
  2570 | D:2      | Found a bloodstained altar of Trog.
  2734 | D:3      | Noticed an ogre
  2913 | D:3      | Found a glowing drain.
  2963 | D:3      | Reached skill level 3 in Conjurations
  3007 | Sewer    | Entered a sewer
  3311 | Sewer    | Reached XP level 5. HP: 38/38 MP: 7/9
  4249 | D:3      | Killed an ogre
  4621 | D:4      | Noticed a phantom
  4815 | D:4      | Killed a phantom
  4815 | D:4      | Reached skill level 4 in Conjurations
  4815 | D:4      | Reached skill level 5 in Fire Magic
  4815 | D:4      | Reached XP level 6. HP: 31/45 MP: 0/10
  5009 | D:4      | Found a sand-covered staircase.
  5017 | Ossuary  | Entered an ossuary
  5586 | Ossuary  | Your scales start taking on an icy white colour.
  5586 | Ossuary  | Reached XP level 7. HP: 45/50 MP: 1/12
  5586 | Ossuary  | Gained mutation: Your flesh is cold resistant. (rC+) [White
                  | Draconian growth]
  6023 | D:4      | Found a shattered altar of Ashenzari.
  6078 | D:4      | Reached skill level 5 in Conjurations
  6677 | D:5      | Entered Level 5 of the Dungeon
  6768 | D:5      | Reached skill level 1 in Shields
  6835 | D:5      | Noticed Sigmund
  6862 | D:5      | Killed Sigmund
  6942 | D:5      | Noticed Eustachio
  6986 | D:5      | Killed Eustachio
  6986 | D:5      | Reached skill level 5 in Fire Magic
  6986 | D:5      | Reached XP level 8. HP: 39/57 MP: 0/14
  7257 | D:5      | Found a radiant altar of Vehumet.
  7563 | D:5      | Reached skill level 6 in Conjurations
  7963 | D:6      | Found a glowing golden altar of the Shining One.
  8278 | D:6      | Found a radiant altar of Vehumet.
  8316 | D:6      | Found a staircase to the Ecumenical Temple.
  8380 | D:6      | Became a worshipper of Vehumet
  8455 | D:6      | Found a shadowy altar of Dithmenos.
  9718 | D:7      | Reached skill level 7 in Conjurations
  9772 | D:7      | Got a scorched pewter ring
  9947 | D:7      | Noticed a hippogriff
  9956 | D:7      | Killed a hippogriff
 10184 | D:7      | Reached XP level 9. HP: 62/62 MP: 14/16
 10350 | D:7      | Reached skill level 5 in Spellcasting
 10744 | D:8      | Found Plog's Distillery.
 10747 | D:8      | Bought a potion of mutation for 104 gold pieces
 10747 | D:8      | Bought a potion of haste for 130 gold pieces
 10748 | D:8      | Gained mutation: You have sharp toenails. [potion of
                  | mutation]
 10748 | D:8      | Gained mutation: You are robust. (+10% HP) [potion of
                  | mutation]
 10748 | D:8      | Gained mutation: Your spells are a little easier to cast,
                  | but a little less powerful. [potion of mutation]
 10748 | D:8      | Gained mutation: You have a pair of small antennae on your
                  | head. [potion of mutation]
 10749 | D:8      | Lost mutation: You are robust. (+10% HP) [potion of
                  | mutation]
 10749 | D:8      | Lost mutation: Your spells are a little easier to cast, but
                  | a little less powerful. [potion of mutation]
 10749 | D:8      | Gained mutation: You are weak. (Str -2) [potion of
                  | mutation]
 10749 | D:8      | Gained mutation: Scrolls take you a little longer to read.
                  | [potion of mutation]
 10749 | D:8      | Lost mutation: You are weak. (Str -2) [potion of mutation]
 10750 | D:8      | Lost mutation: You have sharp toenails. [potion of
                  | mutation]
 10750 | D:8      | Lost mutation: Scrolls take you a little longer to read.
                  | [potion of mutation]
 10750 | D:8      | Lost mutation: You have a pair of small antennae on your
                  | head. [potion of mutation]
 10750 | D:8      | Gained mutation: You are dopey. (Int -2) [potion of
                  | mutation]
 10750 | D:8      | Gained mutation: You have a pair of small horns on your
                  | head. [potion of mutation]
 10752 | D:8      | Identified the ring of Ixoymopt {MR+ Int+3} (You found it
                  | on level 7 of the Dungeon)
 10753 | D:8      | Lost mutation: You have a pair of small horns on your head.
                  | [potion of mutation]
 10753 | D:8      | Lost mutation: You are dopey. (Int -2) [potion of mutation]
 10753 | D:8      | Gained mutation: You are robust. (+10% HP) [potion of
                  | mutation]
 10753 | D:8      | Gained mutation: You are resistant to electric shocks.
                  | (rElec) [potion of mutation]
 10753 | D:8      | Gained mutation: Your flesh is very cold resistant. (rC++)
                  | [potion of mutation]
 10847 | D:8      | Noticed a death yak
 10847 | D:8      | Noticed a death yak
 10849 | D:8      | Found a staircase to the Lair.
 10849 | D:8      | Noticed a death yak
 10963 | D:7      | Slain by a death yak

Levels and vault maps discovered:
D:1:      lemuel_arrival_rhombus, layout_basic, minmay_fountain_box
D:2:      layout_loops_corners, lemuel_round_altar, lemuel_crystal_altar,
          kennysheep_flooded_box
D:3:      layout_rooms, first_ration, gup_sewer_entry_glass
D:4:      layout_gridville, evilmike_ruin_ashenzari, chequers_ossuary_entry_cave
D:5:      layout_loops_cross, basic_altar, uniq_sigmund, uniq_eustachio
D:6:      layout_gridville, nicolae_tso_besieged_by_evil, marbit_many_paths,
          lemuel_coloured_pillars_altar, minmay_temple_entry_antechambers
D:7:      layout_loops_corners
D:8:      layout_loops_ring, dpeg_lair_monsters, serial_shops, shop,
          minivault_25

Skill      XL: |  1  2  3  4  5  6  7  8  9 |
---------------+----------------------------+-----
Dodging        | 2 |  2.4
Conjurations   | 2 3 4 5 7 |  7.7
Fire Magic     | 4 5 4 5 |  5.8
Spellcasting   | 3 4 5 |  5.1
Shields        | 2 4 |  4.1
Stealth        | |  1.7

Action                   |  1- 3 |  4- 6 |  7- 9 || total
-------------------------+-------+-------+-------++-------
Melee: Unarmed           |    12 |    12 |       ||    24
       Tailslap          |     1 |     5 |     7 ||    13
       Whip              |       |    56 |    10 ||    66
       Falchion          |       |       |    32 ||    32
 Cast: Flame Tongue      |    86 |   165 |   223 ||   474
       Conjure Flame     |     1 |       |     2 ||     3
       Throw Flame       |       |     2 |     2 ||     4
 Abil: Breathe Frost     |       |       |     7 ||     7
  Use: Scroll            |       |     4 |     5 ||     9
       Potion            |       |       |     4 ||     4
  Eat: Chunk             |     6 |     9 |     8 ||    23
       Ration            |       |       |     3 ||     3
Armor: Skin              |    17 |    52 |    69 ||   138
Dodge: Dodged            |    36 |   106 |    90 ||   232
Block: Buckler           |       |       |    34 ||    34
       Rpst.: Falchion   |       |       |    12 ||    12
